 Dungeon Crawl Stone Soup version 0.27.1-3-gb3d3a73c9e (webtiles) character file.

Game seed: 8506733186685677757

95 TigerRab the Shield-Bearer (level 4, -1/44 HPs)
             Began as a Troll Fighter on Oct 15, 2021.
             Slain by a gnoll (13 damage)
             ... on level 2 of the Dungeon.
             The game lasted 00:04:18 (1252 turns).

TigerRab the Shield-Bearer (Troll Fighter)          Turns: 1252, Time: 00:04:18

Health: -1/44      AC:  4    Str: 25    XL:     4   Next: 39%
Magic:  3/3        EV:  8    Int:  4    God:
Gold:   59         SH:  9    Dex:  9    Spells: 3/3 levels left

rFire    . . .     SeeInvis .     - Unarmed
rCold    . . .     Faith    .   b - +0 kite shield
rNeg     . . .     Spirit   .   a - +0 robe
rPois    .         Reflect  .   (helmet restricted)
rElec    .         Harm     .   (no cloak)
rCorr    .         Rampage  .   (gloves unavailable)
Will     .....                  (boots unavailable)
Stlth    +.........             (no amulet)
HPRegen  1.14/turn              (no ring)
MPRegen  0.08/turn              (no ring)

@: no status effects
A: large, unfitting armour, claws 3, regeneration 1, shaggy fur 1, tough skin 1
a: no special abilities


You were on level 2 of the Dungeon.
You visited 1 branch of the dungeon, and saw 2 of its levels.

You collected 59 gold pieces.

Inventory:

Missiles
 e - 45 stones (quivered)
 g - a throwing net
Armour
 a - a +0 robe (worn)
 b - a +0 kite shield (worn)
Scrolls
 d - a scroll of identify {unknown}
 f - a scroll of silence {unknown}
Potions
 c - a potion of might


   Skills:
 * Level 2.8 Fighting
 * Level 0.7 Throwing
 * Level 3.0 Dodging
 * Level 3.0 Shields
 * Level 2.8 Unarmed Combat


You had 3 spell levels left.
You didn't know any spells.
Your spell library was empty.

Dungeon Overview and Level Annotations

Branches:
Dungeon (2/15)

Altars:


Innate Abilities, Weirdness & Mutations

You are too large for most types of armour.
You have claws for hands.
Your natural rate of healing is unusually fast.
You are covered in fur. (AC +1)
You have tough skin. (AC +1)


Message History

The gnoll hits you from afar with a +0 halberd.
* * * LOW HITPOINT WARNING * * *
The gnoll barely misses you. You block the gnoll's attack.
The gnoll enters a dispersal trap!
The giant cockroach blinks!
The gnoll blinks! x3; You blink.
The gnoll blinks!
Throw: 46 stones
Press: ? - help, Q - select action, (/) - cycle Shift-Dir - straight line, f - gnoll
Aim: a gnoll, wielding a +0 flail and wearing a +0 ring mail (severely wounded, 62% to hit)
You throw a stone. The stone barely misses the gnoll.
You closely miss the gnoll.
The gnoll is severely wounded.
The gnoll barely misses you.
You closely miss the gnoll.
The gnoll is severely wounded.
The gnoll hits you with a +0 flail.
You barely miss the gnoll.
The gnoll is severely wounded.
The gnoll closely misses you.
You scratch the gnoll but do no damage.
The gnoll is severely wounded.
The gnoll hits you with a +0 flail.
You scratch the gnoll.
The gnoll is almost dead.
You block the gnoll's attack.
You scratch the gnoll.
You kill the gnoll!
You barely miss the giant cockroach. The giant cockroach closely misses you.
The gnoll hits you from afar with a +0 halberd!
* * * LOW HITPOINT WARNING * * *
The giant cockroach bites you.
* * * LOW HITPOINT WARNING * * *
You scratch the giant cockroach.
The giant cockroach is heavily wounded.
The giant cockroach bites you.
* * * LOW HITPOINT WARNING * * *
The gnoll closely misses you.
You claw the giant cockroach!
You kill the giant cockroach!
The gnoll hits you from afar with a +0 halberd!
You die...

#.........########.###.######
#.######### #.# #.# #.# #.#
#.# #.# #.# #.# #.# #.# #.#
#.# #.# #.# #.# #.# #.# #.#
############.# #.#
#(..g)@....... #.###
#.#####.###### #...# #.# .#
###.# #g# .# #.###.####.####
#.............#
#.#.^...##.##. #.#.###.#
#...# #B#


You could see a gnoll.

Vanquished Creatures
  6 gnolls (D:2)
  A dart slug (D:2)
  2 ball pythons (D:2)
  A bat (D:2)
  3 endoplasms
  2 giant cockroaches (D:2)
  2 goblins (D:1)
  2 hobgoblins
  7 jackals (D:1)
  2 quokkas
  A frilled lizard (D:1)
  A kobold (D:1)
  2 rats
32 creatures vanquished.

Notes
Turn   | Place    | Note
-------+----------+-------------------------------------------
     0 | D:1      | TigerRab the Troll Fighter began the quest for the Orb.
     0 | D:1      | Reached XP level 1. HP: 22/22 MP: 0/0
   159 | D:1      | Reached XP level 2. HP: 24/29 MP: 1/1
  1023 | D:2      | Reached XP level 3. HP: 36/36 MP: 2/2
  1040 | D:2      | Reached XP level 4. HP: 35/44 MP: 3/3
  1252 | D:2      | Slain by a gnoll

Illustrated notes

Levels and vault maps discovered:
D:1:      dpeg_arrival_connections, layout_basic, ebering_dispersal_statue_hall,
          minmay_cut_off
D:2:      layout_loops_ring, kennysheep_cross_room

Skill      XL: |  1  2  3  4 |
---------------+-------------+-----
Shields        | 3 |  3.0
Dodging        | 3 |  3.0
Fighting       | |  2.8
Throwing       | |  0.7
Unarmed Combat | |  2.8

Action                   |  1- 3 |  4- 6 || total
-------------------------+-------+-------++-------
Melee: Unarmed           |    69 |    31 ||   100
Throw: Stone             |    14 |    14 ||    28
Armor: Robe              |    18 |     5 ||    23
Dodge: Dodged            |    35 |    11 ||    46
Block: Kite shield       |    35 |    15 ||    50
